 Dungeon Crawl Stone Soup version 0.30-a0-305-g026cb31310 (webtiles) character file.

Game seed: 13467304241773510235

1965 Dnbvrw the Covert (level 9, -1/39 HPs)
             Began as a Spriggan Enchanter on Oct 21, 2022.
             Slain by an iguana (10 damage)
             ... on level 6 of the Dungeon.
             The game lasted 00:15:11 (5144 turns).

Dnbvrw the Covert (Spriggan Enchanter)              Turns: 5144, Time: 00:15:13

Health: -1/39      AC:  3    Str:  8    XL:     9   Next: 0%
Magic:  23/23      EV: 18    Int: 17    God:
Gold:   222        SH:  0    Dex: 21    Spells: 15/26 levels left

rFire   . . .      SeeInvis +    a - +4 dagger (spect)
rCold   . . .      Faith    .    (no shield)
rNeg    . . .      Spirit   .    b - +1 robe
rPois   .          Reflect  .    (helmet restricted)
rElec   .          Harm     .    (no cloak)
rCorr   .          Rampage  .    (gloves unavailable)
Will    +....                    (boots unavailable)
Stlth   +++++.....               (no amulet)
HPRegen 0.26/turn                f - +6 ring of dexterity
MPRegen 0.18/turn                (no ring)

@: very quick
A: very small, no large weapons, unfitting armour, see invisible, speed 3
a: no special abilities


You were on level 6 of the Dungeon.
You visited 1 branch of the dungeon, and saw 6 of its levels.
You also visited: Ossuary.

You collected 222 gold pieces.

Inventory:

Hand Weapons
 a - a +4 spectral dagger (weapon)
 k - a +4 dagger of venom
Missiles
 g - 7 atropa-tipped darts (quivered)
Armour
 b - a +1 robe (worn)
Jewellery
 f - a +6 ring of dexterity (left hand)
Wands
 l - a wand of polymorph (8)
 o - a wand of digging (2)
Scrolls
 n - a scroll of enchant armour
 s - a scroll of teleportation
Potions
 c - 3 potions of invisibility
 d - 3 potions of curing
 e - 2 potions of brilliance
 h - 4 potions of ambrosia
 i - a potion of magic {unknown}
 j - a potion of degeneration {unknown}
 m - 2 potions of lignification {unknown}
 p - a potion of might {unknown}
 r - a potion of cancellation {unknown}


   Skills:
 - Level 1.1 Short Blades
 - Level 2.6 Dodging
 + Level 10.0 Stealth
 + Level 9.1 Spellcasting
 + Level 9.4 Hexes


You had 15 spell levels left.
You knew the following spells:

 Your Spells              Type           Power      Damage    Failure   Level
a - Ensorcelled Hibernat  Hex/Ice        46%        N/A       1%          2
b - Tukima's Dance        Hex            39%        N/A       1%          3
c - Dazzling Flash        Conj/Hex       46%        N/A       4%          3
d - Confusing Touch       Hex            39%        N/A       1%          3

Your spell library contained the following spells:

 Spells                   Type           Power      Damage    Failure   Level
 Animate Dead             Necr           7%         N/A       67%         4
 Haunt                    Necr/Summ      3%         N/A       100%        7
 Infestation              Necr           3%         N/A       100%        8


Dungeon Overview and Level Annotations

Branches:
Dungeon (6/15)            Ossuary (visited)
 Temple: D:4-7

Altars:
Nemelex Xobeh
Okawaru
Qazlal
Uskayaw

Shops:
D:5 (


Innate Abilities, Weirdness & Mutations

You are very small and have problems with some larger weapons.
You are too small for most types of armour.
You have supernaturally acute eyesight. (SInv)
You cover ground extremely quickly. (Speed+++)


Message History

Your +4 spectral dagger hits the iguana.
Unknown command.
You closely miss the iguana.
The iguana is almost dead.
Your +4 spectral dagger hits the iguana but does no damage.
The iguana barely misses you. The white imp gestures at you.
The puff of frost misses you.
Unknown command.
You hit the iguana.
You kill the iguana!
The white imp gestures at you. The puff of frost hits you.
You have reached level 9!
Your experience leads to an increase in your attributes!
Your base attributes are Str 6, Int 17, Dex 15.
Increase (S)trength, (I)ntelligence, or (D)exterity?
You feel stronger. x2
You hit the white imp.
The white imp is severely wounded.
The white imp gestures at you. The puff of frost hits you!
The iguana bites you!
Unknown command.
You are too injured to fight recklessly!
Unknown command.
Unknown command.
You are too injured to fight recklessly!
Unknown command.
You are too injured to fight recklessly!
Unknown command.
You are too injured to fight recklessly!
Unknown command.
Unknown command.
You completely miss the iguana.
Your +4 spectral dagger hits the iguana.
The white imp gestures at you. The puff of frost hits you.
* * * LOW HITPOINT WARNING * * *
The iguana bites you!
You die...

........................
........................
.................# #...
................# #...
####... .........####...
#...... ...............
# ##..5######...........
.#..
#...l@................
....
#...§(...###..........
#...
#........##...........
....
#........##....†......
....
#....#................
§§..
#.....................
......
#.....................
§#....
##....................
^#.... ...
..##...........


You could see an iguana, a white imp and a friendly +4 spectral dagger
(summoned).

Vanquished Creatures
  Sigmund (D:2)
  Eustachio (D:5)
  Menkaure (D:5)
  A black bear (D:6)
  2 ice beasts (D:5)
  A phantom (D:6)
  A centaur (D:3)
  4 lemures (D:5)
  A necrophage (D:5)
  2 bullfrogs (D:6)
  A centaur zombie (Ossuary)
  2 hounds
  2 jellies
  4 iguanas
  2 mummies (Ossuary)
  Robin (D:4)
  A gnoll (D:1)
  5 adders
  4 adder zombies (Ossuary)
  2 worms
  2 dart slugs
  6 orcs
  10 ball pythons
  8 endoplasms
  A giant cockroach (D:1)
  16 goblins
  11 hobgoblins
  9 jackals (D:1)
  5 quokkas
  6 bats
  5 frilled lizards
  2 goblin zombies (Ossuary)
  7 hobgoblin zombies (Ossuary)
  A jackal zombie (Ossuary)
  12 kobolds
  11 kobold zombies (Ossuary)
  10 orc zombies (Ossuary)
  4 rats
  A rat zombie (Ossuary)
166 creatures vanquished.

Vanquished Creatures (collateral kills)
  Pikel (D:5)
1 creature vanquished.

Vanquished Creatures (others)
  A dancing weapon (D:5)
1 creature vanquished.

Grand Total: 168 creatures vanquished

Notes
Turn   | Place    | Note
-------+----------+-------------------------------------------
     0 | D:1      | Dnbvrw the Spriggan Enchanter began the quest for the Orb.
     0 | D:1      | Reached XP level 1. HP: 9/9 MP: 5/5
   208 | D:2      | Reached XP level 2. HP: 6/13 MP: 7/7
   211 | D:2      | Learned a level 2 spell: Ensorcelled Hibernation
   329 | D:2      | Noticed Sigmund
   545 | D:1      | Reached XP level 3. HP: 16/16 MP: 9/9
   556 | D:1      | Learned a level 3 spell: Tukima's Dance
   560 | D:1      | Learned a level 3 spell: Confusing Touch
  1122 | D:1      | Reached XP level 4. HP: 21/21 MP: 11/11
  1296 | D:2      | Reached skill level 5 in Hexes
  1591 | D:2      | Killed Sigmund
  1592 | D:2      | Reached skill level 5 in Spellcasting
  1592 | D:2      | Reached XP level 5. HP: 24/24 MP: 7/14
  1835 | D:3      | Learned a level 3 spell: Dazzling Flash
  1844 | D:3      | Reached XP level 6. HP: 28/28 MP: 15/15
  1876 | D:3      | Reached skill level 5 in Stealth
  2075 | D:3      | Identified the +1 leather armour of the Dwarven Hall
                  | {Dex+3}
  2307 | D:3      | Found an iron altar of Okawaru.
  2528 | D:4      | Found a sparkling altar of Nemelex Xobeh.
  2826 | D:4      | Noticed Robin
  2845 | D:4      | Killed Robin
  3155 | D:5      | Entered Level 5 of the Dungeon
  3155 | D:5      | Noticed Eustachio
  3168 | D:5      | Killed Eustachio
  3169 | D:5      | Reached skill level 6 in Stealth
  3169 | D:5      | Reached XP level 7. HP: 32/32 MP: 12/18
  3454 | D:5      | Found Text's Weapon Boutique.
  3620 | D:5      | Noticed Pikel
  3628 | D:5      | Killed Pikel
  3629 | D:5      | Reached skill level 8 in Stealth
  3629 | D:5      | Reached XP level 8. HP: 17/36 MP: 13/20
  3968 | D:5      | Noticed Menkaure
  3975 | D:5      | Killed Menkaure
  4130 | D:5      | Reached skill level 9 in Stealth
  4559 | D:6      | Found a stormy altar of Qazlal.
  4598 | D:6      | Found a sand-covered staircase.
  4608 | Ossuary  | Entered an ossuary
  5043 | D:6      | Found a hide-covered altar of Uskayaw.
  5056 | D:6      | Reached skill level 10 in Stealth
  5143 | D:6      | Reached XP level 9. HP: 33/39 MP: 23/23
  5144 | D:6      | Slain by an iguana

Illustrated notes

Levels and vault maps discovered:
D:1:      dpeg_arrival_stonehenge_12_columns, layout_basic
D:2:      layout_basic, uniq_sigmund
D:3:      layout_basic, general_overflow_altar
D:4:      layout_basic, old_standard_altar, uniq_robin
D:5:      layout_layer_cave, serial_shops, shop, uniq_eustachio, uniq_menkaure,
          uniq_pikel
D:6:      layout_basic, eat_drink_and_be_merry_uskayaw, grunt_qazlal_sundering,
          minmay_temple_entry_nine_rooms, nicolae_ossuary_entry_ruins,
          nicolae_shop_fire_sale [nicolae_sub_dead_trees],
          minmay_misc_feat_diagonals, uniq_maggie

Skill      XL: |  1  2  3  4  5  6  7  8 |
---------------+-------------------------+-----
Spellcasting   | 3 4 5 6 7 9 |  9.1
Hexes          | 4 6 7 8 9 |  9.4
Stealth        | 6 8 10 | 10.0
Short Blades   | |  1.1
Dodging        | |  2.6

Action                   |  1- 3 |  4- 6 |  7- 9 || total
-------------------------+-------+-------+-------++-------
Melee: Dagger            |    84 |   103 |   132 ||   319
       Punch             |     1 |     2 |       ||     3
 Cast: Tukima's Dance    |       |     2 |     1 ||     3
       Confusing Touch   |       |     2 |     1 ||     3
       Ensorcelled Hiber |       |     2 |     7 ||     9
  Use: Scroll            |     6 |     2 |     4 ||    12
       Potion            |       |     1 |       ||     1
 Stab: Sleeping          |     7 |    16 |    15 ||    38
       Confused          |       |     3 |     1 ||     4
       Distracted        |       |     1 |     3 ||     4
Armor: Robe              |     5 |    15 |    13 ||    33
Dodge: Dodged            |    57 |    83 |    64 ||   204

Table legend: (Time is in decaauts)
 A = Elapsed time spent in this place.
 B = Non-inter-level travel time spent in this place.
 C = Inter-level travel time spent in this place.
 D = Time resting spent in this place.
 E = Time spent auto-exploring this place.
 F = Levels seen in this place.
 G = Mean time per level.
                   A        B        C        D        E       F      G
               +--------+--------+--------+--------+--------+-----+--------+
         Total |   3581 |   3489 |     92 |    188 |   2413 |   7 |  511.6 |
       Dungeon |   3302 |   3210 |     92 |    131 |   2359 |   6 |  550.3 |
       Ossuary |    278 |    278 |      0 |     56 |     53 |   1 |  278.0 |
               +--------+--------+--------+--------+--------+-----+--------+

Top non-repeatable levels by time:
     D:5: 977 daAuts
     D:2: 601 daAuts
     D:1: 577 daAuts
     D:3: 513 daAuts
     D:4: 462 daAuts
 Ossuary: 278 daAuts
     D:6: 170 daAuts
